 Dungeon Crawl Stone Soup version 0.28-a0-519-gbfeecf2fc5 (webtiles) character file.

Game seed: 3620499732033068839

406 robertstho the Covert (level 6, 0/43 HPs)
             Began as an Octopode Delver on Sept 23, 2021.
             Was an Initiate of Dithmenos.
             Slain by an ogre (18 damage)
             ... on level 5 of the Dungeon.
             The game lasted 00:04:54 (4059 turns).

robertstho the Covert (Octopode Delver)             Turns: 4059, Time: 00:04:54

Health: 0/43       AC:  5    Str: 13    XL:     6   Next: 87%
Magic:  6/6        EV: 13    Int: 12    God:    Dithmenos [......]
Gold:   272        SH:  0    Dex: 14    Spells: 5/5 levels left

rFire   . . .      SeeInvis +   a - +0 short sword
rCold   + . .      Faith    .   (no shield)
rNeg    . . .      Spirit   .   (helmet restricted)
rPois   .          Reflect  .   (no amulet)
rElec   .          Harm     .   k - ring of see invisible
rCorr   .          Rampage  .   p - +4 ring of protection
Will    .....                   q - ring of protection from cold
Stlth   +++++.....              (no ring)
HPRegen 0.14/turn               (no ring)
MPRegen 0.10/turn               (no ring)
                                (no ring)
                                (no ring)

@: no status effects
A: almost no armour, amphibious, 8 rings, camouflage 1, gelatinous body 1,
(nimble swimmer 1), tentacles
a: Renounce Religion


You were on level 5 of the Dungeon.
You worshipped Dithmenos.
Dithmenos was noncommittal.
You visited 2 branches of the dungeon, and saw 6 of its levels.

You collected 272 gold pieces.

Inventory:

Hand Weapons
 a - a +0 short sword (weapon)
Jewellery
 k - a ring of see invisible (left tentacle)
 p - a +4 ring of protection (right tentacle)
 q - a ring of protection from cold (on tentacle)
Wands
 f - a wand of digging (3)
 o - a wand of mindburst (16)
Scrolls
 b - 3 scrolls of fog
 c - 2 scrolls of magic mapping
 d - 2 scrolls of fear
 g - 3 scrolls of teleportation
 l - 2 scrolls of enchant weapon
 n - a scroll of torment
Potions
 e - 2 potions of haste
 i - a potion of might


   Skills:
 * Level 4.1 Fighting
 + Level 3.0 Short Blades
 + Level 2.2 Dodging
 * Level 10.1 Stealth
 * Level 1.2 Invocations


You had 5 spell levels left.
You didn't know any spells.
Your spell library contained the following spells:

 Spells                   Type           Power      Damage    Failure   Level
 Apportation              Tloc           0%         N/A       32%         1
 Slow                     Hex            0%         N/A       45%         2
 Confusing Touch          Hex            0%         N/A       69%         3
 Portal Projectile        Hex/Tloc       0%         N/A       69%         3
 Vampiric Draining        Necr           0%         2d6       69%         3
 Blade Hands              Tmut           0%         N/A       100%        5
 Excruciating Wounds      Necr           0%         N/A       100%        5
 Fireball                 Conj/Fire      0%         3d3       100%        5
 Starburst                Conj/Fire      0%         6d3       100%        6
 Ignition                 Fire           0%         3d3       100%        8


Dungeon Overview and Level Annotations

Branches:
Dungeon (5/15)             Temple (1/1) D:4

Altars:
Ashenzari
Dithmenos
Fedhas
Gozag
Makhleb
Nemelex Xobeh
Ru
Sif Muna
Trog
Uskayaw
Vehumet
Yredelemnul
Zin


Innate Abilities, Weirdness & Mutations

You cannot wear most types of armour.
You are amphibious.
You can wear up to eight rings at the same time.
Your skin changes colour to match your surroundings (Stealth+).
Your rubbery body absorbs attacks. (AC +1, EV +1)
((You are camouflaged near water. (Stealth+)))
You have tentacles for arms and can constrict up to eight enemies at once.


Message History

Dithmenos accepts your kill.
No target in view!
No target in view!
No target in view!
No target in view!
No target in view!
No target in view!
No target in view!
No target in view!
No target in view!
An ogre comes into view. It is wielding a +0 giant club.
Found a scroll of teleportation.
An ogre is nearby!
An ogre is nearby!
An ogre is nearby!
An ogre is nearby!
The ogre shouts!
The ogre barely misses you.
You hit the ogre.
The ogre is lightly wounded.
You hit the ogre. You squeeze the ogre, but do no damage.
The ogre is moderately wounded.
The ogre hits you with a +0 giant club!!
Ouch! That really hurt!
You are too injured to fight recklessly!
You are too injured to fight recklessly!
You are too injured to fight recklessly!
You are too injured to fight recklessly!
You barely miss the ogre. You squeeze the ogre!
The ogre is heavily wounded.
The ogre hits you with a +0 giant club.
You hit the ogre.
The ogre is heavily wounded.
The ogre hits you with a +0 giant club.
* * * LOW HITPOINT WARNING * * *
You feel better.
You hit the ogre.
The ogre is severely wounded.
The ogre hits you with a +0 giant club!!
You die...

#. #.
#. #.
#. #.
#O## ##
#@##
#.###.#
#
#.#.##
# #..##
# #.##
# #.# #
#.# #
#.# #
#.#


You could see an ogre.

Vanquished Creatures
  A necrophage (D:5)
  An ogre (D:4)
  A centaur skeleton (D:4)
  A hound (D:4)
  Ijyb (D:3)
  8 adders
  A white imp (D:4)
  An adder skeleton (D:4)
  A worm (D:5)
  A dart slug (D:3)
  An orc (D:3)
  12 ball pythons
  6 bats
  9 endoplasms
  2 giant cockroaches
  4 goblins
  6 hobgoblins
  7 kobolds
  3 quokkas
  2 rats
69 creatures vanquished.

Notes
Turn   | Place    | Note
-------+----------+-------------------------------------------
     0 | D:5      | robertstho the Octopode Delver began the quest for the Orb.
     0 | D:5      | Reached XP level 1. HP: 16/16 MP: 1/1
   116 | D:4      | Noticed a hound
   466 | D:1      | Reached XP level 2. HP: 21/21 MP: 2/2
   469 | D:1      | Reached skill level 7 in Stealth
   497 | D:1      | Found a faded altar of an unknown god.
   502 | D:1      | Got Plato's Reference Book on the Traveller
  1247 | D:2      | Reached XP level 3. HP: 26/26 MP: 3/3
  2148 | D:3      | Found a shimmering blue altar of Sif Muna.
  2154 | D:3      | Reached XP level 4. HP: 32/32 MP: 4/4
  2222 | D:3      | Noticed Ijyb
  2246 | D:3      | Killed Ijyb
  2247 | D:3      | Reached skill level 8 in Stealth
  2488 | D:3      | Reached XP level 5. HP: 37/37 MP: 5/5
  2826 | D:4      | Reached skill level 9 in Stealth
  3268 | D:4      | Found a staircase to the Ecumenical Temple.
  3340 | Temple   | Entered the Ecumenical Temple
  3355 | Temple   | Became a worshipper of Dithmenos the Shadowed
  3521 | D:4      | Noticed an ogre
  3529 | D:4      | Killed an ogre
  3530 | D:4      | Reached XP level 6. HP: 43/43 MP: 6/6
  3899 | D:5      | Reached skill level 1 in Invocations
  3930 | D:5      | Noticed a necrophage
  3935 | D:5      | Killed a necrophage
  3936 | D:5      | Reached skill level 10 in Stealth
  4059 | D:5      | Slain by an ogre

Illustrated notes

Levels and vault maps discovered:
D:1:      dpeg_arrival_rooms_c, layout_basic,
          shapermc_ecumenical_altar_rom_forum
D:2:      layout_basic
D:3:      layout_basic, mainiacjoe_overflow_cross_hatched, uniq_ijyb
D:4:      layout_cave_pods, minmay_temple_entry_slanted
D:5:      layout_loops_ring
Temple:   compressed_dpeg_triangle_lava_temple

Skill      XL: |  1  2  3  4  5  6 |
---------------+-------------------+-----
Stealth        | 7 8 9 10 | 10.1
Fighting       | 4 |  4.1
Short Blades   | 3 |  3.0
Invocations    | 1 |  1.2
Dodging        | |  2.2

Action                   |  1- 3 |  4- 6 || total
-------------------------+-------+-------++-------
Melee: Short sword       |    62 |    67 ||   129
       Constrict         |    11 |     7 ||    18
       Tentacles         |     5 |    11 ||    16
  Use: Scroll            |     3 |     3 ||     6
       Potion            |       |     2 ||     2
 Stab: Sleeping          |    17 |    18 ||    35
       Distracted        |       |     1 ||     1
Armor: Skin              |     3 |     2 ||     5
Dodge: Dodged            |    18 |    37 ||    55

Table legend: (Time is in decaauts)
 A = Elapsed time spent in this place.
 B = Non-inter-level travel time spent in this place.
 C = Inter-level travel time spent in this place.
 D = Time resting spent in this place.
 E = Time spent auto-exploring this place.
 F = Levels seen in this place.
 G = Mean time per level.
                   A        B        C        D        E       F      G
               +--------+--------+--------+--------+--------+-----+--------+
         Total |   4055 |   3912 |    143 |    624 |   2715 |   6 |  675.8 |
       Dungeon |   4027 |   3898 |    129 |    624 |   2710 |   5 |  805.4 |
        Temple |     28 |     15 |     13 |      0 |      5 |   1 |   28.0 |
               +--------+--------+--------+--------+--------+-----+--------+

Top non-repeatable levels by time:
     D:4: 1143 daAuts
     D:1: 1038 daAuts
     D:2: 950 daAuts
     D:3: 627 daAuts
     D:5: 267 daAuts
  Temple: 28 daAuts
